 Dungeon Crawl Stone Soup version 0.27-a0-972-gd1521fd518 (webtiles) character file.

Game seed: 4742845482079091141

9 Alarkh the Insei (level 2, 21/21 HPs)
             Began as a Demonspawn Transmuter on Apr 13, 2021.
             Got out of the dungeon alive.
             The game lasted 00:00:29 (627 turns).

Alarkh the Insei (Demonspawn Transmuter)             Turns: 627, Time: 00:00:29

Health: 21/21      AC:  2    Str: 10    XL:     2   Next: 3%
Magic:  5/5        EV: 12    Int: 14    God:
Gold:   8          SH:  0    Dex: 13    Spells: 4/5 levels left

rFire    . . .     SeeInvis .     - Unarmed
rCold    . . .     Faith    .   (no shield)
rNeg     . . .     Spirit   .   a - +0 robe
rPois    .         Reflect  .   (helmet restricted)
rElec    .         Harm     .   (no cloak)
rCorr    .         Rampage  .   (no gloves)
Will     .....                  (no boots)
Stlth    +.........             (no amulet)
HPRegen  0.07/turn              (no ring)
MPRegen  0.09/turn              (no ring)

@: no status effects
A: antennae 1
a: no special abilities


You escaped.
You visited 1 branch of the dungeon, and saw 1 of its levels.

You collected 8 gold pieces.

Inventory:

Armour
 a - a +0 robe (worn)
Potions
 b - a potion of might {unknown}
 c - a potion of curing {unknown}
 d - a potion of mutation {unknown}


   Skills:
 + Level 1.2 Fighting
 - Level 1.7 Dodging
 * Level 2.9 Unarmed Combat
 + Level 2.1 Spellcasting
 + Level 1.9 Transmutations


You had 4 spell levels left.
You knew the following spells:

 Your Spells              Type           Power      Damage    Failure   Level
a - Beastly Appendage     Tmut           14%        N/A       11%         1

Your spell library contained the following spells:

 Spells                   Type           Power      Damage    Failure   Level
 Wereblood                Tmut           7%         N/A       16%         2
 Spider Form              Tmut/Pois      2%         N/A       43%         3
 Ice Form                 Ice/Tmut       4%         N/A       83%         4
 Hydra Form               Tmut           3%         N/A       96%         5


Dungeon Overview and Level Annotations

Branches:
Dungeon (1/15)

Altars:

Shops:
D:1 =:


Innate Abilities, Weirdness & Mutations

You have a pair of small antennae on your head.


Message History

Found 9 bolts.
Found a robe.
Your transformation is almost over.
The hobgoblin hits you.
You hit the hobgoblin.
The hobgoblin is moderately wounded.
The hobgoblin hits you.
You hit the hobgoblin. You claw the hobgoblin.
You kill the hobgoblin!
No target in view!
No target in view!
No target in view!
No target in view!
No target in view!
No target in view!
No target in view!
You see here a hobgoblin corpse.
Your horns disappear.
Your talons disappear.
Found Zeraf's Jewellery Emporium.
Found an escape hatch in the floor.
d - a fizzy emerald potion You see here 9 bolts.
A kobold comes into view. It is wielding a +0 whip.
The kobold shouts!
Found a glowing cloak.
A kobold is nearby!
The kobold hits you but does no damage.
You hit the kobold.
You kill the kobold!
You have reached level 2!
You feel monstrous as your demonic heritage exerts itself.
Your demonic ancestry asserts itself...
A pair of antennae grows on your head!
You see here a +0 whip.
You see here a +1 cloak.
Unknown command.
You see here a +0 robe.
You see here 23 stones.
There is a staircase leading out of the dungeon here.
Are you sure you want to leave the Dungeon?
This will make you lose the game!
You have escaped!

#..###########
######.###
###.......##
##...#......####
##..###....#..(.#
#..## ##.....##..
##.## #....#####
#..# ##....## #@##
#......## #.###
##...#...#
#...###...##.#.#
##.......###...#
###...### ##.##
.##### #.# #.# #.#
#######.#########.#
..................#


There were no monsters in sight!

Vanquished Creatures
  A hobgoblin (D:1)
  2 quokkas (D:1)
  A bat (D:1)
  3 kobolds (D:1)
  A rat (D:1)
8 creatures vanquished.

Notes
Turn   | Place    | Note
-------+----------+-------------------------------------------
     0 | D:1      | Alarkh the Demonspawn Transmuter began the quest for the
                  | Orb.
     0 | D:1      | Reached XP level 1. HP: 15/15 MP: 3/3
   441 | D:1      | Found Ytiubosi's Book Boutique.
   486 | D:1      | Found Zeraf's Jewellery Emporium.
   578 | D:1      | Gained mutation: You have a pair of small antennae on your
                  | head. [demonic ancestry]
   578 | D:1      | Reached XP level 2. HP: 21/21 MP: 5/5
   627 | D:$      | Got out of the dungeon alive.

Illustrated notes

Levels and vault maps discovered:
D:1:      dpeg_arrival_round_b, layout_loops_ring, serial_shops,
          nicolae_shop_stone, shop_statue, nicolae_shop_trees, shop, hex_medium

Action                   || total
-------------------------++-------
Melee: Unarmed           ||    29
       Kick              ||     2
       Headbutt          ||     1
 Cast: Beastly Appendage ||     4
Armor: Robe              ||     8
Dodge: Dodged            ||    23

Table legend: (Time is in decaauts)
 A = Elapsed time spent in this place.
 B = Non-inter-level travel time spent in this place.
 C = Inter-level travel time spent in this place.
 D = Time resting spent in this place.
 E = Time spent auto-exploring this place.
 F = Levels seen in this place.
 G = Mean time per level.
                   A        B        C        D        E       F      G
               +--------+--------+--------+--------+--------+-----+--------+
         Total |    625 |    583 |     42 |      0 |    515 |   1 |  625.0 |
       Dungeon |    625 |    583 |     42 |      0 |    515 |   1 |  625.0 |
               +--------+--------+--------+--------+--------+-----+--------+

Top non-repeatable levels by time:
     D:1: 625 daAuts
